 Dungeon Crawl Stone Soup version 0.18-a0-1293-g5a2c81a (webtiles) character file.

5625 Ratboiler the Basher (level 10, -3/71 HPs)
             Began as an Octopode Wanderer on Feb 10, 2016.
             Was a High Priest of Makhleb.
             Slain by an Executioner (4 damage)
             ... summoned by the player character
             ... on level 10 of the Dungeon.
             The game lasted 00:26:14 (11552 turns).

Ratboiler the Basher (Octopode Wanderer)           Turns: 11552, Time: 00:26:15

Health: -3/71      AC:  9    Str: 15    XL:     10   Next: 73%
Magic:  16/16      EV: 11    Int: 13    God:    Makhleb [*****.]
Gold:   96         SH:  7    Dex: 13    Spells: 2 memorised, 5 levels left

rFire  . . .     SeeInvis +     a - +1 flail (protect)
rCold  + . .     Gourm    .     x - +0 buckler
rNeg   . . .     Faith    .     (helmet restricted)
rPois  .         Spirit   .     J - +2 amulet of reflection
rElec  .         Dismiss  .     n - ring of see invisible
rCorr  .         Reflect  +     B - +3 ring of protection
SustAt .         Harm     .     b - ring of protection from cold
MR     .....                    (no ring)
Stlth  ++........               (no ring)
                                (no ring)
                                (no ring)
                                (no ring)

@: about to teleport, very slightly contaminated, not resistant to hostile
enchantments, unstealthy
A: almost no armour, amphibious, 8 rings, constrict 8, camouflage 1, gelatinous
body 1
a: Minor Destruction, Lesser Servant of Makhleb, Major Destruction, Greater
Servant of Makhleb, Renounce Religion


You were on level 10 of the Dungeon.
You worshipped Makhleb.
Makhleb was extremely pleased with you.
You were not hungry.

You visited 1 branch of the dungeon, and saw 10 of its levels.
You also visited: Sewer.

You collected 456 gold pieces.
You spent 360 gold pieces at shops.

Inventory:

Hand Weapons
 a - a +1 flail of protection (weapon)
 s - a +2 hand axe of holy wrath
 P - a +0 falchion of flaming
 U - a +2 shortbow
Missiles
 w - 42 poisoned needles
 I - 3 poisoned tomahawks (quivered)
Armour
 x - a +0 buckler (worn)
Magical Staves
 R - an uncursed staff of conjuration
Jewellery
 b - a ring of protection from cold (on tentacle)
 h - a +2 amulet of reflection
 n - a ring of see invisible (left tentacle)
 B - a +3 ring of protection (right tentacle)
 F - an uncursed ring of fire
 J - a +2 amulet of reflection (around mantle)
 N - an uncursed amulet of dismissal {unknown}
Wands
 k - a wand of iceblast (12/15)
 z - a wand of acid (5/15)
 T - a wand of flame (21/48)
 W - a wand of teleportation (3/9)
 Z - a wand of slowing (17/48)
Scrolls
 g - 3 scrolls of fog
 i - a scroll of blinking
 m - 2 scrolls of enchant armour {unknown}
 q - 3 scrolls of recharging
 t - 8 scrolls of remove curse {unknown}
 v - 3 scrolls of random uselessness {unknown}
 A - a scroll of immolation {unknown}
 C - a scroll of magic mapping {unknown}
 D - 3 scrolls of fear {unknown}
 E - a scroll of teleportation {unknown}
 H - a scroll of silence {unknown}
 S - a scroll of enchant weapon {unknown}
Potions
 c - 3 potions of curing
 d - 4 potions of lignification
 e - a potion of agility
 f - 2 potions of magic
 l - a potion of might {unknown}
 p - a potion of heal wounds
 r - 2 potions of mutation {unknown}
 u - a potion of resistance {unknown}
 G - a potion of ambrosia {unknown}
 K - 2 potions of degeneration {unknown}
 L - a potion of invisibility {unknown}
 O - a potion of flight {unknown}
 Q - 2 potions of brilliance {unknown}
 X - a potion of berserk rage {unknown}
Books
 j - a book of Hinderance

   Spells                             Type                      Level
   a - Confusing Touch                Hexes                        2
   b - Confuse                        Hexes                        3
   c - Gell's Gravitas                Hexes/Translocation          3
   d - Petrify                        Transmutation/Earth          4
   e - Metabolic Englaciation         Hexes/Ice                    5
   f - Yara's Violent Unravelling     Hexes/Transmutation          5
 Y - a book of Minor Magic

   Spells                             Type                      Level
   a - Magic Dart                     Conjuration                  1
   b - Blink                          Translocation                2
   c - Call Imp                       Summoning                    2
   d - Repel Missiles                 Charms/Air                   2
   e - Slow                           Hexes                        2
   f - Conjure Flame                  Conjuration/Fire             3
   g - Mephitic Cloud                 Conjuration/Poison/Air       3
Comestibles
 o - 4 meat rations
 M - 5 bread rations
 V - 3 chunks of flesh


   Skills:
 + Level 7.2 Fighting
 + Level 11.2 Maces & Flails
 - Level 3.0 Bows
 - Level 1.0 Throwing
 - Level 5.3 Shields
 - Level 8.1 Invocations


You had 5 spell levels left.
You knew the following spells:

 Your Spells              Type           Power        Failure   Level  Hunger
a - Repel Missiles        Chrm/Air       #.....       47%         2    ###....
b - Call Imp              Summ           #.......     47%         2    ###....


Dungeon Overview and Level Annotations

Branches:
Dungeon (10/15)            Temple (0/1) D:4
   Lair: D:8-11         Orc: D:9-12

Altars:
Cheibriados
Kikubaaqudgha
Makhleb
Pakellas
Sif Muna
Vehumet
Xom
Yredelemnul

Shops:
D:8 }

Annotations:
D:4 exclusion: statue
D:7 Ratboiler's ghost, novice OpWn


Innate Abilities, Weirdness & Mutations

You cannot wear most types of armour.
You are amphibious.
You can wear up to eight rings at the same time.
You can use your tentacles to constrict eight enemies at once.
Your skin changes colour to match your surroundings (Stealth).
Your rubbery body absorbs attacks (AC +1).


Message History

The Executioner seems to speed up.
The Executioner gestures at you. Pain shoots through your body!
You block the Executioner's attack. The Executioner hits you.
The Executioner hits you but does no damage.
The Executioner gestures at you. Pain shoots through your body!
* * * LOW HITPOINT WARNING * * *
Evoke which item? (* to show all) (? for menu, Esc to quit)
Zapping:
W - a wand of teleportation (4/9)
Press: ? - help, Shift-Dir - straight line, f - you You feel strangely unstable.
This wand has 3 charges left.
The Executioner hits you!
* * * LOW HITPOINT WARNING * * *
The Executioner hits you.
* * * LOW HITPOINT WARNING * * *
The Executioner hits you.
* * * LOW HITPOINT WARNING * * *
The Executioner misses you. The Executioner hits you.
You die...

#####..............
#.#.###..........## #.#1#
#...........# #.#Y#
#.........#.#
#.#.###...........#
#####.#.#.............#
....#.#.###.##........#
###.#.#..Y...#.#......###
.............Y.1@.......#
###.#.#####..####<#.#.##
#.#...............#
#.#######.........#
#...................
##########.########## #.#
#.#


You could see an Executioner and 2 yaks.

Vanquished Creatures
  A centaur zombie (D:9)
  Grinder (D:6)
  A spriggan (D:7)
  8 yaks
  A wraith (D:10)
  A hungry ghost (D:8)
  An ice beast (D:7)
  A black bear (D:7)
  2 sky beasts (D:9)
  3 orc warriors
  3 ogres
  2 centaurs (D:7)
  6 giant frogs
  5 killer bees (D:8)
  5 wights
  7 crimson imps
  3 giant frog zombies
  5 hounds
  3 centaur skeletons
  A jelly (D:8)
  2 giant frog skeletons (D:8)
  3 orc priests
  An iguana (D:9)
  An orc wizard (D:9)
  7 worker ants
  A hound zombie (D:6)
  A hound skeleton (D:8)
  A worker ant zombie (D:6)
  5 gnolls
  16 adders
  3 shadow imps
  An ooze (D:7)
  An adder zombie (D:5)
  3 adder skeletons
  4 worms
  6 giant geckos
  38 orcs
  3 bats (D:2)
  A bat skeleton (D:2)
  A bat zombie (D:2)
  13 giant cockroaches
  14 goblins
  10 hobgoblins
  11 jackals
  4 quokkas
  10 ball pythons
  2 giant gecko zombies (D:2)
  12 giant newts
  12 kobolds
  6 rats
253 creatures vanquished.

Vanquished Creatures (others)
  A lightning spire (D:8)
  2 bushes (D:8)
3 creatures vanquished.

Grand Total: 256 creatures vanquished

Notes
Turn   | Place    | Note
--------------------------------------------------------------
     0 | D:1      | Ratboiler the Octopode Wanderer began the quest for the Orb.
     0 | D:1      | Ratboiler set off with: a +2 shortbow, 29 arrows, a potion of curing, a potion of lignification, a bread ration
     0 | D:1      | Reached XP level 1. HP: 17/17 MP: 1/1
   166 | D:1      | Reached XP level 2. HP: 23/23 MP: 2/2
   552 | D:2      | Found a burning altar of Makhleb.
   559 | D:2      | Became a worshipper of Makhleb the Destroyer
   827 | D:2      | Reached XP level 3. HP: 20/28 MP: 3/3
   967 | D:2      | Reached skill level 5 in Fighting
  1366 | D:2      | Found a deep blue altar of Sif Muna.
  1366 | D:2      | Found a shimmering altar of Xom.
  1367 | D:2      | Found a basalt altar of Yredelemnul.
  1814 | D:3      | Reached * piety under Makhleb
  1948 | D:3      | Found a faded altar to an unknown god.
  1959 | D:3      | Reached XP level 4. HP: 28/35 MP: 4/4
  2591 | D:3      | Found an ancient bone altar of Kikubaaqudgha.
  2808 | D:3      | Reached skill level 6 in Fighting
  3037 | D:3      | Reached XP level 5. HP: 12/41 MP: 5/5
  4211 | D:4      | Reached ** piety under Makhleb
  4604 | D:4      | Reached XP level 6. HP: 44/47 MP: 6/6
  4658 | D:4      | Found a radiant altar of Vehumet.
  4774 | D:4      | Found a staircase to the Ecumenical Temple.
  5013 | D:5      | Entered Level 5 of the Dungeon
  5583 | D:5      | Found a snail-covered altar of Cheibriados.
  5790 | D:5      | Reached XP level 7. HP: 53/53 MP: 7/7
  6185 | D:6      | Found a glowing drain.
  6193 | D:6      | Reached *** piety under Makhleb
  6198 | Sewer    | Entered a sewer
  6445 | Sewer    | Reached skill level 5 in Shields
  6896 | D:5      | Reached XP level 8. HP: 24/58 MP: 8/8
  7107 | D:5      | Reached skill level 5 in Maces & Flails
  7303 | D:6      | Reached **** piety under Makhleb
  7716 | D:6      | Noticed Grinder
  7723 | D:6      | Paralysed by Grinder for 3 turns
  7767 | D:6      | Killed Grinder
  7767 | D:6      | Reached skill level 7 in Maces & Flails
  8038 | D:7      | Noticed Ratboiler's ghost (novice OpWn)
  8377 | D:7      | Reached skill level 8 in Maces & Flails
  8377 | D:7      | Reached XP level 9. HP: 63/63 MP: 9/9
  8395 | D:7      | Reached ***** piety under Makhleb
  8859 | D:8      | Found Lukim's Gadget Emporium.
  8866 | D:8      | Bought a wand of teleportation (4/9) for 360 gold pieces
  8933 | D:8      | Reached skill level 9 in Maces & Flails
  8988 | D:8      | Noticed a two-headed ogre
  9115 | D:7      | Reached skill level 10 in Maces & Flails
  9411 | D:8      | Learned a level 2 spell: Repel Missiles
  9414 | D:8      | Learned a level 2 spell: Call Imp
  9635 | D:8      | Found an oddly glowing altar of Pakellas.
  9636 | D:8      | Noticed a gargoyle
 10006 | D:9      | Reached skill level 1 in Invocations
 10176 | D:9      | Noticed a troll
 10206 | D:9      | Reached XP level 10. HP: 30/69 MP: 11/13
 10459 | D:8      | Reached skill level 5 in Invocations
 10888 | D:9      | Noticed a gargoyle
 11276 | D:10     | Entered Level 10 of the Dungeon
 11389 | D:10     | Reached skill level 11 in Maces & Flails
 11538 | D:10     | Noticed an Executioner
 11552 | D:10     | HP: 2/71 [Executioner[the player character] (2)]
 11552 | D:10     | Slain by an Executioner

Vault maps used:
D:1:      wheals_arrival_linesprint
D:2:      nicolae_overflow_crystal_walls, nicolae_overflow_hidden_temple,
          serial_undead, serial_undead_d, serial_undead_a, serial_undead_e,
          serial_undead_b, hangedman_decor_clover_reticule
D:3:      lemuel_doored_altar, first_bread, ecumenical_altar_1
D:4:      vehumet_statue, minmay_temple_entry_statues_pillars, kennysheep_dice
D:5:      overflow_temple_1_default
D:6:      corexii_shantytown, portal_sewer_entry_d, uniq_grinder
D:7:      the_bakery
D:8:      gammafunk_pakellas_spire_experiment, serial_shops,
          nicolae_shop_window_shopping
D:9:      grunt_ministairs_15, minmay_misc_feat_diagonals
D:10:     orc_0_dummy
Sewer:    sewer_frog_island_01

Action                   |  1- 3 |  4- 6 |  7- 9 | 10-12 || total
-------------------------+-------+-------+-------+-------++-------
Melee: Whip              |    81 |   168 |   261 |       ||   510
       Mace              |       |       |   211 |    74 ||   285
       Flail             |       |       |       |    84 ||    84
 Fire: Shortbow          |    10 |     7 |       |       ||    17
Invok: Greater Servant o |       |       |       |     1 ||     1
Evoke: Wand              |       |       |     5 |     1 ||     6
  Use: Scroll            |       |     5 |     1 |     1 ||     7
       Potion            |       |       |     1 |     2 ||     3
 Stab: Sleeping          |     6 |     3 |    15 |     1 ||    25
       Paralysed         |       |       |     6 |       ||     6
  Eat: Bread ration      |     1 |     1 |       |       ||     2
       Chunk             |     1 |       |    10 |     3 ||    14
       Meat ration       |       |     1 |       |       ||     1
       Beef jerky        |       |       |     2 |       ||     2
       Royal jelly       |       |       |     2 |       ||     2
       Pizza             |       |       |     1 |       ||     1
       Fruit             |       |       |       |     5 ||     5
